 Dungeon Crawl Stone Soup version 0.27-a0-773-gaaee5cf45b (webtiles) character file.

Game seed: 11179103597964097794

58 11223344 the Ducker (level 3, -3/36 HPs)
             Began as a Troll Berserker on Mar 25, 2021.
             Was a Believer of Trog.
             Slain by Terence
             ... wielding a +3 falchion of electrocution
              (12 damage)
             ... on level 3 of the Dungeon.
             The game lasted 00:04:31 (1536 turns).

11223344 the Ducker (Troll Berserker)               Turns: 1536, Time: 00:04:32

Health: -3/36      AC:  4    Str: 26    XL:     3   Next: 75%
Magic:  2/2        EV: 10    Int:  3    God:    Trog [**....]
Gold:   72         SH:  0    Dex:  9    Spells: 2/2 levels left

rFire    . . .     SeeInvis .   a - +0 mace {ii}
rCold    . . .     Faith    .   (no shield)
rNeg     . . .     Spirit   .   b - +0 animal skin
rPois    .         Reflect  .   (helmet restricted)
rElec    .         Harm     .   (no cloak)
rCorr    .         Rampage  .   (gloves unavailable)
Will     .....                  (boots unavailable)
Stlth    +.........             (no amulet)
HPRegen  1.12/turn              (no ring)
MPRegen  0.08/turn              (no ring)

@: no status effects
A: large, unfitting armour, claws 3, regeneration 1, shaggy fur 1, tough skin 1
a: Renounce Religion, Berserk, Trog's Hand


You were on level 3 of the Dungeon.
You worshipped Trog.
Trog was pleased with you.
You visited 1 branch of the dungeon, and saw 3 of its levels.

You collected 72 gold pieces.

Inventory:

Hand Weapons
 a - a +0 mace (weapon) {ii}
Armour
 b - a +0 animal skin (worn)
Magical Staves
 d - a staff of earth
Scrolls
 g - a scroll of teleportation
Potions
 c - a potion of curing {unknown}
 i - a potion of mutation {unknown}


   Skills:
 - Level 2.4 Fighting
 * Level 1.2(2.0) Axes
 + Level 2.7(2.9) Maces & Flails
 * Level 0.9 Armour
 + Level 3.2 Dodging
 + Level 0.1 Stealth


You had 2 spell levels left.
You didn't know any spells.
Your spell library was empty.

Dungeon Overview and Level Annotations

Branches:
Dungeon (3/15)

Altars:

Annotations:
D:3 Terence


Innate Abilities, Weirdness & Mutations

You are too large for most types of armour.
You have claws for hands.
Your natural rate of healing is unusually fast.
You are covered in fur. (AC +1)
You have tough skin. (AC +1)


Message History

The bat hits you but does no damage.
A bat is nearby!
The bat closely misses you.
A bat is nearby!
You miss the bat.
The bat is severely wounded.
The bat closely misses you. The bat completely misses you.
A bat is nearby!
You hit the bat.
You kill the bat!
Trog accepts your kill.
There is an escape hatch in the ceiling here.
Found a stone staircase leading down.
No target in view!
Found 13 poisoned darts.
No target in view!
Terence the Incautious comes into view.
He is wielding a +3 falchion of electrocution.
Terence is nearby!
Terence is nearby!
Terence is nearby!
Terence shouts!
Terence is nearby!
You hit Terence.
Terence is lightly wounded.
Terence hits you with a +3 falchion of electrocution.
Terence hits you with a +3 falchion of electrocution!
You are electrocuted!
* * * LOW HITPOINT WARNING * * *
Terence is nearby!
You are too injured to fight recklessly!
Terence is nearby!
You are too injured to fight recklessly!
You are too injured to fight recklessly!
Terence screams, "I want your blood!"
Terence hits you with a +3 falchion of electrocution!
* * * LOW HITPOINT WARNING * * *
Terence hits you with a +3 falchion of electrocution.
* * * LOW HITPOINT WARNING * * *
You are electrocuted!
You die...

###.# ....#
#...♣#... #
#...♣..
#.####..♣.♣
#........♣♣
#..#.##.♣.♣ #..
#......♣ ...
###@..♣♣ ♣♣ ###
#..@#..♣♣..♣
#.#.#.♣....♣
...#..#.♣.♣♣♣ .
#.........♣♣♣♣♣
...
###.###..#....♣..#
#.###..##....#
#....>....(.##
#####...#####
#.#.#


You could see Terence.

Vanquished Creatures
  A worm (D:2)
  2 dart slugs
  6 endoplasms
  7 goblins
  5 hobgoblins
  4 jackals (D:1)
  A quokka (D:2)
  4 ball pythons
  3 bats
  6 frilled lizards
  2 kobolds (D:1)
  8 rats
49 creatures vanquished.

Notes
Turn   | Place    | Note
-------+----------+-------------------------------------------
     0 | D:1      | 11223344 the Troll Berserker began the quest for the Orb.
     0 | D:1      | Reached XP level 1. HP: 22/22 MP: 0/0
   103 | D:1      | Reached XP level 2. HP: 23/29 MP: 1/1
   397 | D:1      | Reached skill level 1 in Axes
   559 | D:1      | Reached XP level 3. HP: 36/36 MP: 2/2
   604 | D:1      | Reached skill level 3 in Dodging
   676 | D:1      | Reached ** piety under Trog
  1523 | D:3      | Noticed Terence
  1536 | D:3      | Slain by Terence

Illustrated notes

Levels and vault maps discovered:
D:1:      onia_arrival_handbag, layout_loops_cross,
          minmay_misc_feat_four_crosses, hex_medium, minmay_tetromino_s4
D:2:      layout_basic, glass_columns_b, minmay_bisected
D:3:      layout_loops_ring, nicolae_sif_muna_little_library,
          chequers_ecumenical_altar_grove, lightli_sewer_entry_pipes,
          uniq_robin, uniq_terence, uniq_jessica

Skill      XL: |  1  2  3 |
---------------+----------+-----
Axes           | 1 |  1.2
Dodging        | 3 |  3.2
Fighting       | |  2.4
Maces & Flails | |  2.7
Armour         | |  0.9
Stealth        | |  0.1

Action                   || total
-------------------------++-------
Melee: Mace              ||   156
  Use: Scroll            ||     6
 Stab: Sleeping          ||     1
Armor: Animal skin       ||    76
Dodge: Dodged            ||   125

Table legend: (Time is in decaauts)
 A = Elapsed time spent in this place.
 B = Non-inter-level travel time spent in this place.
 C = Inter-level travel time spent in this place.
 D = Time resting spent in this place.
 E = Time spent auto-exploring this place.
 F = Levels seen in this place.
 G = Mean time per level.
                   A        B        C        D        E       F      G
               +--------+--------+--------+--------+--------+-----+--------+
         Total |   1575 |   1474 |    101 |      0 |   1035 |   3 |  525.0 |
       Dungeon |   1575 |   1474 |    101 |      0 |   1035 |   3 |  525.0 |
               +--------+--------+--------+--------+--------+-----+--------+

Top non-repeatable levels by time:
     D:1: 861 daAuts
     D:2: 614 daAuts
     D:3: 98 daAuts
